 Dungeon Crawl Stone Soup version 0.29.1-1-gd02db6906a (webtiles) character file.

Game seed: 9343357923369209548

544 concernfroge the Fighter (level 7, -19/62 HPs)
             Began as a Mummy Monk on Sept 18, 2022.
             Killed by an exploding ice beast (27 damage)
             ... ignited by their inner flame
             ... on level 4 of the Dungeon.
             The game lasted 00:06:57 (4278 turns).

concernfroge the Fighter (Mummy Monk)               Turns: 4278, Time: 00:06:59

Health: -19/62     AC: 12    Str: 16    XL:     7   Next: 6%
Magic:  7/7        EV:  7    Int: 10    God:
Gold:   261        SH:  0    Dex: 14    Spells: 6/6 levels left

rFire   . . .      SeeInvis .   l - +1 great mace
rCold   . . .      Faith    .   (shield currently unavailable)
rNeg    + + +      Spirit   .   q - +0 chain mail
rPois   ∞          Reflect  .   m - +1 helmet
rElec   .          Harm     .   (no cloak)
rCorr   .          Rampage  .   n - +0 pair of gloves
Will    .....                   h - +0 pair of boots
Stlth   ..........              (no amulet)
HPRegen 0.20/turn               c - ring of fire
MPRegen 0.10/turn               (no ring)

@: no status effects
A: cold resistance 1, negative energy resistance 3, torment resistance 2, heat
vulnerability 1, in touch with death 1, no potions
a: no special abilities


You were on level 4 of the Dungeon.
You visited 1 branch of the dungeon, and saw 4 of its levels.

You collected 261 gold pieces.

Inventory:

Hand Weapons
 a - a +0 spear
 l - a +1 great mace (weapon)
Armour
 h - a +0 pair of boots (worn)
 m - a +1 helmet (worn)
 n - a +0 pair of gloves (worn)
 q - a +0 chain mail (worn)
Jewellery
 c - a ring of fire (left hand)
Wands
 b - a wand of mindburst (13)
Scrolls
 d - 5 scrolls of identify {unknown}
 e - a scroll of immolation
 g - 2 scrolls of enchant armour
 o - a scroll of teleportation {unknown}
 p - a scroll of poison {unknown}


   Skills:
 + Level 8.1 Fighting
 - Level 2.4 Polearms
 - Level 2.4 Dodging
 - Level 1.5 Stealth


You had 6 spell levels left.
You didn't know any spells.
Your spell library contained the following spells:

 Spells                   Type           Power      Damage    Failure   Level
 Magic Dart               Conj           0%         1d3       100%        1
 Searing Ray              Conj           0%         2d4       100%        2
 Fulminant Prism          Conj/Hex       0%         3d6       100%        4


Dungeon Overview and Level Annotations

Branches:
Dungeon (4/15)
 Temple: D:4-7

Altars:


Innate Abilities, Weirdness & Mutations

You are immune to poison.
Your flesh is cold resistant. (rC+)
You are immune to negative energy. (rN+++)
You are immune to unholy pain and torment.
You are vulnerable to heat. (rF-)
You are in touch with the powers of death.
You do not drink.


Message History

The ice beast freezes you.
You hit the ice beast but do no damage. The ice beast closely misses you.
The ice beast hits you but does no damage.
You closely miss the ice beast. The ice beast completely misses you.
The ice beast hits you but does no damage.
You closely miss the ice beast.
The ice beast hits you but does no damage.
You closely miss the ice beast. The ice beast barely misses you.
The ice beast hits you. The ice beast freezes you!
* * * LOW HITPOINT WARNING * * *
As you read the scroll labelled HIEZYRPH PATE, it crumbles to dust.
The creatures around you are filled with an inner flame!
It was a scroll of immolation.
The ice beast hits you.
* * * LOW HITPOINT WARNING * * *
The ice beast freezes you.
* * * LOW HITPOINT WARNING * * *
This is a scroll of acquirement!
Something appears at your feet!
The ice beast hits you but does no damage.
As you read the scroll labelled UNULUL PAES, it crumbles to dust.
It is a scroll of enchant armour.
Your +0 helmet glows green for a moment.
The ice beast closely misses you.
As you read the scroll labelled DUMUP HUIDIU, it crumbles to dust.
It is a scroll of enchant weapon.
Your +0 great mace glows red for a moment.
The ice beast hits you but does no damage.
As you read the scroll labelled DAITRU BEUCSO, it crumbles to dust.
You feel a surge of unholy energy.
The ice beast convulses!
Flame seeps out of the ice beast.
It was a scroll of torment.
The ice beast is engulfed in blazing flames.
Flame seeps out of the ice beast.
The ice beast hits you but does no damage.
As you read the scroll labelled JEAGIO AZAOWUUBB, it crumbles to dust.
You hear a loud clanging noise!
It was a scroll of noise.
The ice beast is engulfed in blazing flames.
The ice beast explodes!
The fiery explosion engulfs you!!
You die...

######################
#.............'...'...
#.............#...#...
#..§§§........#...#...
#...○@........#...#...
#...##...########'##..
#.. ######..##...##..
#. #............ #
#............
#............
#............
#............
#.....(......


There were no monsters in sight!

Vanquished Creatures
  An ice beast (D:4)
  A bullfrog (D:4)
  A necrophage (D:4)
  A scorpion (D:4)
  2 jellies (D:4)
  2 hounds (D:4)
  An iguana (D:3)
  Terence (D:3)
  7 adders
  2 worms
  3 dart slugs
  8 orcs
  6 ball pythons
  7 bats
  6 endoplasms
  3 giant cockroaches (D:4)
  8 goblins
  6 hobgoblins
  4 jackals (D:3)
  9 kobolds
  4 quokkas
  6 frilled lizards
  20 rats (D:2)
109 creatures vanquished.

Vanquished Creatures (others)
  A plant (D:1)
1 creature vanquished.

Grand Total: 110 creatures vanquished

Notes
Turn   | Place    | Note
-------+----------+-------------------------------------------
     0 | D:1      | concernfroge the Mummy Monk began the quest for the Orb.
     0 | D:1      | Reached XP level 1. HP: 18/18 MP: 1/1
   163 | D:1      | Reached XP level 2. HP: 9/24 MP: 2/2
   506 | D:1      | Found a faded altar of an unknown god.
   628 | D:1      | Reached skill level 4 in Fighting
   780 | D:1      | Gained mutation: You are in touch with the powers of death.
                  | [Mummy growth]
   780 | D:1      | Reached XP level 3. HP: 28/30 MP: 3/3
  1636 | D:2      | Reached XP level 4. HP: 33/38 MP: 4/4
  1697 | D:2      | Reached skill level 5 in Fighting
  2730 | D:3      | Reached XP level 5. HP: 46/46 MP: 5/5
  2952 | D:3      | Noticed Terence
  2954 | D:3      | Killed Terence
  2955 | D:3      | Reached skill level 6 in Fighting
  3546 | D:4      | Reached skill level 7 in Fighting
  3546 | D:4      | Reached XP level 6. HP: 31/55 MP: 6/6
  4207 | D:4      | Reached skill level 8 in Fighting
  4207 | D:4      | Reached XP level 7. HP: 56/62 MP: 7/7
  4274 | D:4      | Identified a scroll of acquirement
  4274 | D:4      | Acquired the +5 bardiche of Stickiness {antimagic, Dex+4
                  | SInv}
  4278 | D:4      | Killed by an exploding ice beast... ignited by their inner
                  | flame

Illustrated notes

Levels and vault maps discovered:
D:1:      psy_arrival_conway, layout_basic,
          hellmonk_ecumenical_altar_pennies_from_heaven,
          minmay_misc_feat_columns
D:2:      layout_loops_ring, eino_curves_02, amcnicky_mini_rare_corridor_liquid,
          minmay_rat_hole
D:3:      layout_loops_ring, uniq_terence
D:4:      layout_gridville, minmay_manual_maat

Skill      XL: |  1  2  3  4  5  6 |
---------------+-------------------+-----
Fighting       | 4 5 7 8 |  8.1
Polearms       | |  2.4
Dodging        | |  2.4
Stealth        | |  1.5

Action                   |  1- 3 |  4- 6 |  7- 9 || total
-------------------------+-------+-------+-------++-------
Melee: Spear             |   163 |    88 |       ||   251
       Punch             |     2 |       |       ||     2
       Great mace        |       |   108 |    10 ||   118
  Use: Scroll            |       |       |     6 ||     6
 Stab: Sleeping          |     5 |     2 |       ||     7
       Distracted        |     1 |       |       ||     1
Armor: Robe              |    11 |       |       ||    11
       Ring mail         |    28 |    61 |       ||    89
       Leather armour    |     2 |       |       ||     2
       Chain mail        |       |    54 |    11 ||    65
Dodge: Dodged            |    86 |   123 |     5 ||   214
